 Dungeon Crawl Stone Soup version 0.28-a0-1227-ga9037bb4c8 (webtiles) character file.

Game seed: 16535242676850988439

10796 Lavandula the Grappler (level 11, -7/72 HPs)
             Began as a Formicid Transmuter on Dec 22, 2021.
             Was a Priest of Ru.
             Mangled by a five-headed hydra (12 damage)
             ... on level 10 of the Dungeon.
             The game lasted 00:20:44 (11103 turns).

Lavandula the Grappler (Formicid Transmuter)       Turns: 11103, Time: 00:20:45

Health: -7/72      AC:  4    Str: 17    XL:     11   Next: 99%
Magic:  19/21      EV: 12    Int: 22    God:    Ru [***...]
Gold:   186        SH:  0    Dex: 17    Spells: 6/23 levels left

rFire   + + .      SeeInvis +     - Unarmed
rCold   x . .      Faith    .   (no shield)
rNeg    + . .      Spirit   .   d - +2 robe {Will+}
rPois   +          Reflect  .   (helmet unavailable)
rElec   .          Harm     .   w - scarf {repulsion}
rCorr   .          Rampage  .   (no gloves)
Will    ++...                   (no boots)
Stlth   ++........              p - amulet of regeneration
HPRegen 1.02/turn               x - ring of Fragile Peace {rPois rF+ Dex+3}
MPRegen 0.17/turn               y - ring of Ashenzari's Grace {Fire *Corrode rN+ Int+7 Dex+3}

@: horrified, repel missiles
A: permanent stasis, dig shafts and tunnels, antennae 3, frail 1, cowardly, four
strong arms
a: Dig, Shaft Self, Renounce Religion, Draw Out Power


You were on level 10 of the Dungeon.
You worshipped Ru.
Ru was most pleased with you.
You visited 2 branches of the dungeon, and saw 12 of its levels.

You collected 578 gold pieces.
You spent 392 gold pieces at shops.

Inventory:

Hand Weapons
 l - a +2 vampiric spear
Missiles
 h - 5 boomerangs (quivered)
 s - 4 throwing nets
 N - 6 atropa-tipped darts
Armour
 b - a scarf of resistance
 d - a +2 robe of willpower (worn)
 u - the +3 ring mail of Mawimp {Harm Fly rPois Int-4}
   (You found it on level 5 of the Dungeon)

   Int:       It affects your intelligence (-4).
   rPois:     It protects you from poison.
   Fly:       It grants you flight.
   Harm:      It increases damage dealt and taken.
 w - a scarf of repulsion (worn)
 F - a +0 buckler
 J - the +4 ring mail of the Lute {rElec Dex+8 Slay-6 SInv}
   (You found it on level 10 of the Dungeon)

   Dex:       It affects your dexterity (+8).
   Slay:      It affects your accuracy & damage with ranged weapons and melee
   (-6).
   rElec:     It insulates you from electricity.
   SInv:      It lets you see invisible.
 O - a +0 troll leather armour
Jewellery
 g - a ring of ice
 p - an amulet of regeneration (around neck)
 x - the ring of Fragile Peace (left hand) {rPois rF+ Dex+3}
   (You acquired it on level 5 of the Dungeon)

   [ring of poison resistance]

   Dex:       It affects your dexterity (+3).
   rF:        It protects you from fire.
   rPois:     It protects you from poison.
 y - the ring of Ashenzari's Grace (right hand) {Fire *Corrode rN+ Int+7 Dex+3}
   (You acquired it on level 5 of the Dungeon)

   [ring of fire]

   It enhances your fire magic.
   Int:       It affects your intelligence (+7).
   Dex:       It affects your dexterity (+3).
   rF:        It protects you from fire.
   rC:        It makes you vulnerable to cold.
   rN:        It protects you from negative energy.
   *Corrode:  It may corrode you when you take damage.
 A - an amulet of the acrobat
Wands
 t - a wand of flame (19)
 v - a wand of iceblast (9)
 M - a wand of paralysis (2)
 P - a wand of polymorph (5)
Scrolls
 c - 3 scrolls of torment
 e - 2 scrolls of fear {unknown}
 f - 5 scrolls of noise {unknown}
 i - 3 scrolls of immolation {unknown}
 j - 2 scrolls of summoning {unknown}
 k - a scroll of magic mapping {unknown}
 n - a scroll of fog
 z - 2 scrolls of amnesia
 B - 3 scrolls of holy word
 L - 3 scrolls of brand weapon
Potions
 a - a potion of magic
 m - 9 potions of curing
 o - 4 potions of lignification
 q - 2 potions of ambrosia
 r - a potion of mutation
 C - 2 potions of heal wounds
 D - 2 potions of flight {unknown}
 E - a potion of might {unknown}
 G - a potion of attraction
 H - a potion of cancellation
 I - a potion of brilliance
 K - a potion of berserk rage {unknown}


   Skills:
 + Level 5.6 Fighting
 - Level 1.7 Dodging
 - Level 14.2 Unarmed Combat
 - Level 6.8 Spellcasting
 - Level 7.1 Transmutations
 - Level 3.6 Ice Magic
 - Level 4.0 Poison Magic


You had 6 spell levels left.
You knew the following spells:

 Your Spells              Type           Power      Damage    Failure   Level
a - Beastly Appendage     Tmut           58%        N/A       1%          1
b - Wereblood             Tmut           29%        N/A       1%          2
c - Spider Form           Tmut/Pois      24%        N/A       2%          3
d - Ice Form              Ice/Tmut       24%        N/A       9%          4
e - Blade Hands           Tmut           14%        N/A       13%         5
f - Passwall              Tmut/Erth      14%        N/A       3%          2

Your spell library contained the following spells:

 Spells                   Type           Power      Damage    Failure   Level
 Ignite Poison            Fire/Tmut/Pois 27%        N/A       5%          3
 Ensorcelled Hibernation  Hex/Ice        22%        N/A       6%          2
 Conjure Flame            Conj/Fire      8%         6-21      26%         3
 Portal Projectile        Hex/Tloc       10%        N/A       26%         3
 Stone Arrow              Conj/Erth      10%        3d7       26%         3
 Tukima's Dance           Hex            5%         N/A       26%         3
 Animate Armour           Summ/Erth      10%        N/A       63%         4
 Sticky Flame             Conj/Fire      8%         2d3       63%         4
 Excruciating Wounds      Necr           2%         N/A       93%         5
 Lehudib's Crystal Spear  Conj/Erth      2%         10d2      100%        8
 Swiftness                Air            Unusable   N/A       N/A         3

Dungeon Overview and Level Annotations

Branches:
Dungeon (11/15)            Temple (1/1) D:6            Lair (0/6) D:9
    Orc (0/2) D:9

Altars:
Ashenzari
Cheibriados
Dithmenos
Elyvilon
Fedhas
Gozag
Hepliaklqana
Kikubaaqudgha
Makhleb
Nemelex Xobeh
Okawaru
Qazlal
Ru
Sif Muna
Trog
Uskayaw
Vehumet
Wu Jian
Xom
Yredelemnul
Zin
The Shining One

Shops:
D:10 !


Innate Abilities, Weirdness & Mutations

You cannot be hasted, slowed, berserked, paralysed or teleported.
You can dig through walls and to a lower floor.
You have a pair of large antennae on your head. (SInv)
You are frail. (-10% HP)
Your cowardice makes you less effective in combat with threatening foes.
Your four strong arms can wield two-handed weapons with a shield.


Message History

You sense a monster nearby.
A vampire mosquito comes into view.
A vampire mosquito is nearby!
A five-headed hydra comes into view.
You reel with horror at the sight of these foes!
A vampire mosquito comes into view.
A vampire mosquito comes into view.
Monsters!
Monsters everywhere!
You have to get out of here!
There is a stone staircase leading up here.
The vampire mosquito bites you.
The vampire mosquito draws strength from your injuries!
The five-headed hydra bites you!
The five-headed hydra bites you but does no damage.
The five-headed hydra closely misses you.
The five-headed hydra bites you! The five-headed hydra bites you.
You climb upwards.
There is a stone staircase leading down here.
The sentinel's mark upon you fades away.
Casting: Ice Form (dangerous; 9% risk of failure)
Confirm with . or Enter, or press ? or * to list all spells.
Aiming: Passwall (safe; 3% risk of failure)
Press: ? - help, Dir - move target You can't see that place. [the floor.]
The five-headed hydra bites you but does no damage.
The five-headed hydra bites you! The five-headed hydra bites you.
The five-headed hydra bites you! x2
You begin to meditate on the wall.
You continue meditating on the rock.
The five-headed hydra bites you. The five-headed hydra bites you!
* * * LOW HITPOINT WARNING * * *
The five-headed hydra misses you.
The five-headed hydra bites you but does no damage. x2
You continue meditating on the rock.
The five-headed hydra bites you!
* * * LOW HITPOINT WARNING * * *
The five-headed hydra bites you.
* * * LOW HITPOINT WARNING * * *
The five-headed hydra barely misses you.
The five-headed hydra misses you. The five-headed hydra bites you!
You die...

#######...############
#...............(....#
######.##......##########.#
.......##..........# #.#
######.##...##.###.# #.#
#.##..###.###.# #.#
#...........#.# #.#
######..#..###.#.#.# #.#
...........# #.#@#.# #.#
###.....#.####>#D#.##
#.####
###>##.........#....#
#....#
....###.#.....####..#
####.# ##......#####.# #..#
#.# #..##### #.# #..# #.#
#..# #.# #..# #.# ##..# #.#
#..#### #.# ##..# #.#
#.....# #.#


You could see a five-headed hydra.

Vanquished Creatures
  Pikel (D:4)
  Joseph (D:7)
  A gargoyle (D:10)
  2 kobold demonologists (D:10)
  A komodo dragon (D:10)
  A troll (D:9)
  A shadow (D:10)
  17 yaks
  5 water moccasins
  3 black bears (D:9)
  5 orc warriors
  An ice beast (D:5)
  A necrophage (D:7)
  2 ogres
  A centaur (D:8)
  A lemure (D:3)
  3 bullfrogs
  4 kobold brigands (D:10)
  2 gnoll sergeants
  3 scorpions
  17 killer bees
  4 howler monkeys
  21 wights
  A crimson imp (D:5)
  A bullfrog zombie (D:5)
  4 centaur zombies
  3 hounds (D:4)
  3 centaur skeletons
  7 orc priests
  A bullfrog skeleton (D:5)
  Terence (D:3)
  2 iguanas
  A scorpion zombie (D:5)
  10 orc wizards
  A hound skeleton (D:5)
  4 howler monkey zombies
  7 gnolls
  7 adders
  2 white imps
  5 worms
  2 adder skeletons (D:4)
  A dart slug (D:1)
  33 orcs
  5 ball pythons
  6 bats
  8 endoplasms
  4 giant cockroaches
  9 goblins
  10 hobgoblins
  4 jackals (D:5)
  9 quokkas
  7 kobolds
  2 rats
258 creatures vanquished.

Vanquished Creatures (others)
  36 fungi (D:9)
  45 plants (D:9)
81 creatures vanquished.

Grand Total: 339 creatures vanquished

Notes
Turn   | Place    | Note
-------+----------+-------------------------------------------
     0 | D:1      | Lavandula the Formicid Transmuter began the quest for the
                  | Orb.
     0 | D:1      | Reached XP level 1. HP: 15/15 MP: 3/3
   384 | D:1      | Reached XP level 2. HP: 15/21 MP: 3/5
   394 | D:1      | Learned a level 2 spell: Wereblood
   560 | D:1      | Found a faded altar of an unknown god.
   953 | D:1      | Reached skill level 4 in Unarmed Combat
   953 | D:1      | Reached XP level 3. HP: 26/26 MP: 4/6
   957 | D:1      | Learned a level 3 spell: Spider Form
  1149 | D:2      | Reached skill level 1 in Poison Magic
  1669 | D:2      | Reached XP level 4. HP: 16/32 MP: 0/7
  2814 | D:3      | Reached XP level 5. HP: 21/38 MP: 3/8
  3159 | D:3      | Noticed Terence
  3172 | D:3      | Killed Terence
  3405 | D:4      | Noticed Pikel
  3405 | D:4      | Noticed a lemure
  3405 | D:4      | Noticed a lemure
  3405 | D:4      | Noticed a lemure
  3405 | D:4      | Noticed a lemure
  3415 | D:3      | Killed a lemure
  3461 | D:4      | Reached XP level 6. HP: 46/47 MP: 5/9
  3496 | D:4      | Killed Pikel
  3497 | D:4      | Reached XP level 7. HP: 10/52 MP: 7/10
  3502 | D:4      | Learned a level 4 spell: Ice Form
  3880 | D:4      | Reached XP level 8. HP: 56/58 MP: 7/11
  4039 | D:4      | Reached skill level 5 in Unarmed Combat
  4493 | D:4      | Found a radiant altar of Vehumet.
  4888 | D:5      | Entered Level 5 of the Dungeon
  4916 | D:5      | Reached skill level 6 in Unarmed Combat
  4979 | D:5      | Identified the +3 ring mail of Mawimp {Harm Fly rPois
                  | Int-4}
  5246 | D:5      | Reached skill level 1 in Ice Magic
  5436 | D:5      | Identified 4 scrolls of acquirement
  5436 | D:5      | Acquired a scarf of repulsion
  5468 | D:5      | Acquired the ring of Fragile Peace {rPois rF+ Dex+3}
  5476 | D:5      | Acquired the ring of Ashenzari's Grace {Fire *Corrode rN+
                  | Int+7 Dex+3}
  5478 | D:5      | Acquired a scarf of resistance
  5593 | D:5      | Reached XP level 9. HP: 60/60 MP: 7/12
  5824 | D:5      | Found a snail-covered altar of Cheibriados.
  6118 | D:5      | Found a broken altar of Ashenzari.
  6143 | D:5      | Found an ancient bone altar of Kikubaaqudgha.
  6235 | D:6      | Reached skill level 5 in Spellcasting
  6270 | D:6      | Found a hide-covered altar of Uskayaw.
  6300 | D:6      | Found a white marble altar of Elyvilon.
  7069 | D:6      | Found a staircase to the Ecumenical Temple.
  7079 | Temple   | Entered the Ecumenical Temple
  7100 | Temple   | Became a worshipper of Ru the Awakened
  7107 | Temple   | Learned a level 5 spell: Blade Hands
  7110 | Temple   | Learned a level 2 spell: Passwall
  7447 | D:7      | Reached skill level 7 in Unarmed Combat
  7486 | D:7      | Found a blossoming altar of Fedhas.
  7715 | D:7      | Noticed Joseph
  7730 | D:7      | Killed Joseph
  7731 | D:7      | Reached skill level 8 in Unarmed Combat
  7731 | D:7      | Reached XP level 10. HP: 34/70 MP: 16/20
  8064 | D:8      | Reached skill level 9 in Unarmed Combat
  8203 | D:8      | You fall into a shaft and drop 2 floors!
  8203 | D:10     | Entered Level 10 of the Dungeon
  8245 | D:10     | Reached skill level 10 in Unarmed Combat
  8330 | D:10     | Noticed a kobold demonologist
  8333 | D:10     | Noticed a kobold demonologist
  8344 | D:10     | Killed a kobold demonologist
  8348 | D:10     | Killed a kobold demonologist
  8349 | D:10     | Reached skill level 11 in Unarmed Combat
  8358 | D:10     | Gained mutation: You are frail. (-10% HP) [Ru sacrifice]
  8358 | D:10     | Reached * piety under Ru
  8358 | D:10     | Reached ** piety under Ru
  8386 | D:10     | Found Wenwuofe's Distillery.
  8394 | D:10     | Bought a potion of heal wounds for 70 gold pieces
  8394 | D:10     | Bought a potion of attraction for 42 gold pieces
  8394 | D:10     | Bought a potion of ambrosia for 112 gold pieces
  8394 | D:10     | Bought a potion of cancellation for 112 gold pieces
  8394 | D:10     | Bought a potion of brilliance for 56 gold pieces
  8464 | D:10     | Found a sparkling altar of Nemelex Xobeh.
  8464 | D:10     | Found an opulent altar of Gozag.
  8473 | D:10     | Found a glowing silver altar of Zin.
  8477 | D:10     | Found a faded altar of an unknown god.
  8506 | D:10     | Found a stormy altar of Qazlal.
  8592 | D:10     | Found an ornate altar of the Wu Jian Council.
  8609 | D:10     | Reached XP level 11. HP: 48/67 MP: 16/21
  8612 | D:10     | Reached skill level 12 in Unarmed Combat
  8672 | D:10     | Identified the +4 ring mail of the Lute {rElec Dex+8 Slay-6
                  | SInv}
  9302 | D:8      | Identified the +4 spear "Tiysivext" {vorpal, rC+}
  9337 | D:8      | Found a shimmering blue altar of Sif Muna.
  9415 | D:8      | Reached skill level 13 in Unarmed Combat
 10001 | D:9      | Reached skill level 14 in Unarmed Combat
 10107 | D:9      | Found a staircase to the Lair.
 10107 | D:9      | Found a staircase to the Orcish Mines.
 10546 | D:9      | Gained mutation: Your cowardice makes you less effective in
                  | combat with threatening foes. [Ru sacrifice]
 10546 | D:9      | Reached *** piety under Ru
 10687 | D:10     | Reached skill level 5 in Fighting
 11073 | D:11     | Noticed a five-headed hydra
 11103 | D:10     | Mangled by a five-headed hydra

Illustrated notes

Levels and vault maps discovered:
D:1:      evilmike_arrival_fibonacci_small, layout_basic,
          ebering_ecumenical_altar_mist
D:2:      layout_basic
D:3:      layout_rooms, guppyfry_early_lair_pool, uniq_terence
D:4:      layout_basic, vehumet_altar_wand_db, minmay_pentangle, uniq_pikel
D:5:      kb_forest_paths, layout_loops_ring, mainiacjoe_overflow_swirl,
          mainiacjoe_overflow_chevrons, minmay_fire_ice_demons
D:6:      layout_basic, nicolae_overflow_hidden_temple, elyvilon_altar_3,
          minmay_temple_entry_proselytizer
D:7:      layout_gridville, lemuel_crystal_altar, uniq_joseph
D:8:      layout_loops_ring, kennysheep_orc_sif_temple, mrwooster_statue_mirror,
          chequers_serial_rivers_room_b
D:9:      layout_basic, due_lair_maze_entry_diamond, eino_jars
D:10:     layout_loops_ring, nicolae_wu_jian_glorious_leap,
          chequers_temple_overflow_minitemple, serial_shops,
          nicolae_diamond_shop, nrook_mini_vaults
D:11:     layout_long_grid, special_room [special_room_orc]
Temple:   compressed_dpeg_triangle_lava_temple

Skill      XL: |  1  2  3  4  5  6  7  8  9 10 11 |
---------------+----------------------------------+-----
Unarmed Combat | 4 6 8 11 14 | 14.2
Poison Magic   | 3 4 |  4.0
Fighting       | 2 3 5 |  5.6
Transmutations | 7 |  7.1
Ice Magic      | 3 |  3.6
Spellcasting   | 6 |  6.8
Dodging        | |  1.7

Action                   |  1- 3 |  4- 6 |  7- 9 | 10-12 || total
-------------------------+-------+-------+-------+-------++-------
Melee: Unarmed           |    79 |   105 |   258 |   273 ||   715
       Kick              |    15 |     5 |       |       ||    20
       Punch             |     2 |     1 |     2 |     1 ||     6
Throw: Boomerang         |       |       |       |     2 ||     2
 Cast: Beastly Appendage |    17 |     3 |       |       ||    20
       Wereblood         |     2 |     4 |    10 |    13 ||    29
       Spider Form       |     3 |    11 |    23 |       ||    37
       Ice Form          |       |       |    10 |    23 ||    33
       Blade Hands       |       |       |     2 |     2 ||     4
       Passwall          |       |       |       |     1 ||     1
Invok: Sacrifice Health  |       |       |       |     1 ||     1
       Sacrifice Courage |       |       |       |     1 ||     1
 Abil: End Transformatio |       |       |       |     1 ||     1
Evoke: Wand              |       |       |       |     8 ||     8
  Use: Scroll            |       |       |    10 |     5 ||    15
       Potion            |       |       |     1 |       ||     1
 Stab: Sleeping          |     1 |     1 |       |     3 ||     5
       Distracted        |       |       |       |     1 ||     1
Armor: Robe              |    12 |    17 |     7 |     8 ||    44
       Skin              |       |     2 |    38 |    77 ||   117
Dodge: Dodged            |    38 |    71 |   152 |   125 ||   386
       Repelled          |       |       |       |     1 ||     1

Table legend: (Time is in decaauts)
 A = Elapsed time spent in this place.
 B = Non-inter-level travel time spent in this place.
 C = Inter-level travel time spent in this place.
 D = Time resting spent in this place.
 E = Time spent auto-exploring this place.
 F = Levels seen in this place.
 G = Mean time per level.
                   A        B        C        D        E       F      G
               +--------+--------+--------+--------+--------+-----+--------+
         Total |  11014 |  10671 |    343 |    519 |   8303 |  12 |  917.8 |
       Dungeon |  10797 |  10474 |    323 |    519 |   8130 |  11 |  981.5 |
        Temple |    216 |    196 |     20 |      0 |    173 |   1 |  216.0 |
               +--------+--------+--------+--------+--------+-----+--------+

Top non-repeatable levels by time:
     D:2: 1464 daAuts
     D:4: 1432 daAuts
     D:5: 1259 daAuts
     D:8: 1198 daAuts
     D:1: 1049 daAuts
     D:6: 1043 daAuts
     D:3: 924 daAuts
    D:10: 906 daAuts
     D:9: 817 daAuts
     D:7: 638 daAuts
  Temple: 216 daAuts
    D:11: 61 daAuts
